 Dungeon Crawl Stone Soup version 0.23.2-1-ga50397a (webtiles) character file.

Game seed: 1794020373706149881

1227 DungeonDestroyer the Charmwright (level 8, -3/64 HPs)
             Began as a Gnoll Skald on May 25, 2019.
             Slain by a killer bee (5 damage)
             ... on level 7 of the Dungeon on May 30, 2019.
             The game lasted 00:15:21 (7201 turns).

DungeonDestroyer the Charmwright (Gnoll Skald)      Turns: 7201, Time: 00:15:22

Health: -3/64      AC:  7    Str: 21      XL:     8   Next: 48%
Magic:  15/17      EV: 13    Int: 16      God:
Gold:   348        SH:  0    Dex: 13 (15) Spells: 8/19 levels left

rFire    . . .     SeeInvis .   a - +0 hand axe
rCold    . . .     Gourm    .   (no shield)
rNeg     . . .     Faith    .   f - +0 scale mail
rPois    .         Spirit   .   (no helmet)
rElec    .         Reflect  .   (no cloak)
rCorr    .         Harm     .   (no gloves)
MR       .....                  (no boots)
Stlth    +.........             (no amulet)
HPRegen  0.20/turn              b - ring of wizardry
MPRegen  0.15/turn              o - +4 ring of strength

@: lethally poisoned (-3 -> -7), infused, singing
A: distributed training, fangs 1, mutation resistance 1, strong 1, MP-powered
wands, strong nose
a: no special abilities


You were on level 7 of the Dungeon.
You were not hungry.

You visited 1 branch of the dungeon, and saw 6 of its levels.

You collected 348 gold pieces.

Inventory:

Hand Weapons
 a - a +0 hand axe (weapon)
 m - a +0 flail
Armour
 f - a +0 scale mail (worn)
Jewellery
 b - a ring of wizardry (left hand)
 o - a +4 ring of strength (right hand)
 p - an uncursed ring of positive energy {unknown}
Scrolls
 e - 3 scrolls of teleportation
 i - 3 scrolls of enchant armour
 j - 2 scrolls of identify
 n - 2 scrolls of fear
Potions
 c - 4 potions of flight
 g - a potion of magic
 h - a potion of brilliance
 l - 2 potions of might {unknown}
Comestibles
 d - 4 rations


   Skills:
 + Level 5.6 Fighting
 + Level 3.2 Short Blades
 + Level 3.2 Long Blades
 + Level 5.6 Axes
 + Level 3.2 Maces & Flails
 + Level 3.2 Polearms
 + Level 3.2 Staves
 + Level 3.2 Slings
 + Level 3.2 Bows
 + Level 3.2 Crossbows
 + Level 3.2 Throwing
 + Level 4.2 Armour
 + Level 5.6 Dodging
 + Level 3.2 Stealth
 + Level 3.2 Shields
 + Level 3.2 Unarmed Combat
 + Level 6.0 Spellcasting
 + Level 2.6 Conjurations
 + Level 2.6 Hexes
 + Level 6.1 Charms
 + Level 2.6 Summonings
 + Level 2.6 Necromancy
 + Level 2.6 Translocations
 + Level 2.6 Transmutations
 + Level 2.6 Fire Magic
 + Level 2.6 Ice Magic
 + Level 2.6 Air Magic
 + Level 2.6 Earth Magic
 + Level 2.6 Poison Magic
 + Level 3.5 Invocations
 + Level 3.2 Evocations


You had 8 spell levels left.
You knew the following spells:

 Your Spells              Type           Power        Failure   Level  Hunger
a - Infusion              Chrm           ###.         1%          1    None
b - Song of Slaying       Chrm           ###.....     1%          2    #......
c - Shroud of Golubria    Chrm/Tloc      ###.......   3%          2    #......
d - Regeneration          Chrm/Necr      ###.......   8%          3    ##.....
e - Spectral Weapon       Hex/Chrm       ###.....     8%          3    ##.....

Your spell library contained the following spells:

 Spells                   Type           Power        Failure   Level  Hunger
 Confusing Touch          Hex            ##....       4%          1    None
 Confuse                  Hex            ##......     14%         3    ##.....
 Gell's Gravitas          Tloc           ##........   14%         3    ##.....
 Petrify                  Tmut/Erth      ##......     41%         4    ####...
 Metabolic Englaciation   Hex/Ice        ##........   75%         5    ######.
 Yara's Violent Unravell  Hex/Tmut       ##........   75%         5    ######.


Dungeon Overview and Level Annotations

Branches:
Dungeon (5/15)
 Temple: D:4-7

Altars:
Ashenzari
Dithmenos
Xom
Zin
The Shining One

Annotations:
D:3 2 transporters


Innate Abilities, Weirdness & Mutations

Your experience applies equally to all skills.
You have very sharp teeth.
Your uncanny sense of smell can sniff out nearby items.
You are somewhat resistant to further mutation.
Your muscles are strong. (Str +2)
You expend magic power (3 MP) to strengthen your wands.


Message History

The killer bee is lightly wounded.
You feel sick. The killer bee stings you.
* * * LOW HITPOINT WARNING * * *
The killer bee stings you.
* * * LOW HITPOINT WARNING * * *
Casting: Song of Slaying (safe; 1% risk of failure)
Confirm with . or Enter, or press ? or * to list all spells.
You begin infusing your attacks with magical energy.
You feel sick.
The killer bee stings you but does no damage.
The killer bee misses you.
You hit the killer bee.
The killer bee is heavily wounded.
You feel sick. The killer bee barely misses you. The killer bee misses you.
You closely miss the killer bee. Your bite misses the killer bee.
The killer bee is heavily wounded.
You feel sick. The killer bee closely misses you. The killer bee stings you.
* * * LOW HITPOINT WARNING * * *
The killer bee stings you.
You die...

#.........#
+.........+ .........
....... ..... #.# ...
#.# #y#
#.##########@#
#.#.......##.#
#.#.#####.##.## #.#.#
###.#...##
#.#.###.#......######
#.#.##...............
#.........##.########
###.##....##.#
#.###.#.##.#


You could see a killer bee.

Vanquished Creatures
  A sky beast (D:5)
  An ice beast (D:5)
  A phantom (D:4)
  An ogre (D:4)
  2 killer bees (D:7)
  2 quasits
  3 hounds (D:5)
  2 jellies
  2 orc priests (D:4)
  3 orc wizards
  Natasha (thrice) (D:3)
  5 worker ants
  A hound skeleton (D:4)
  A howler monkey zombie (D:7)
  A worker ant zombie (D:5)
  7 adders
  2 oozes
  An adder skeleton (D:5)
  3 worms
  4 dart slugs
  2 leopard geckos
  8 orcs
  2 ball pythons (D:1)
  6 giant cockroaches
  9 goblins
  7 hobgoblins
  6 jackals
  3 quokkas
  13 bats
  7 frilled lizards
  12 kobolds
  A quokka zombie (D:5)
  6 rats
128 creatures vanquished.

Notes
Turn   | Place    | Note
-------+----------+-------------------------------------------
     0 | D:1      | DungeonDestroyer the Gnoll Skald began the quest for the
                  | Orb.
     0 | D:1      | Reached XP level 1. HP: 20/20 MP: 6/6
   209 | D:1      | Reached XP level 2. HP: 24/26 MP: 7/7
   532 | D:1      | Reached XP level 3. HP: 27/31 MP: 9/9
   555 | D:1      | Found a shattered altar of Ashenzari.
   574 | D:1      | Reached skill level 5 in Spellcasting
   996 | D:1      | Reached skill level 1 in Invocations
  1149 | D:2      | Reached skill level 1 in Short Blades
  1149 | D:2      | Reached skill level 1 in Long Blades
  1149 | D:2      | Reached skill level 1 in Maces & Flails
  1149 | D:2      | Reached skill level 1 in Polearms
  1149 | D:2      | Reached skill level 1 in Staves
  1149 | D:2      | Reached skill level 1 in Slings
  1149 | D:2      | Reached skill level 1 in Bows
  1149 | D:2      | Reached skill level 1 in Crossbows
  1149 | D:2      | Reached skill level 1 in Throwing
  1149 | D:2      | Reached skill level 1 in Stealth
  1149 | D:2      | Reached skill level 1 in Shields
  1149 | D:2      | Reached skill level 1 in Unarmed Combat
  1149 | D:2      | Reached skill level 1 in Evocations
  1188 | D:2      | Reached XP level 4. HP: 14/38 MP: 11/11
  1768 | D:2      | Found a glowing golden altar of the Shining One.
  2113 | D:2      | Gained mutation: Your mind is acute. (Int +2) [potion of
                  | mutation]
  2113 | D:2      | Gained mutation: Your flesh is cold resistant. (rC+)
                  | [potion of mutation]
  2271 | D:3      | Found a transporter.
  2293 | D:3      | Learned a level 2 spell: Song of Slaying
  2296 | D:3      | Learned a level 2 spell: Shroud of Golubria
  2300 | D:3      | Learned a level 3 spell: Regeneration
  2307 | D:3      | Reached skill level 1 in Conjurations
  2307 | D:3      | Reached skill level 1 in Hexes
  2307 | D:3      | Reached skill level 1 in Summonings
  2307 | D:3      | Reached skill level 1 in Necromancy
  2307 | D:3      | Reached skill level 1 in Translocations
  2307 | D:3      | Reached skill level 1 in Transmutations
  2307 | D:3      | Reached skill level 1 in Fire Magic
  2307 | D:3      | Reached skill level 1 in Ice Magic
  2307 | D:3      | Reached skill level 1 in Air Magic
  2307 | D:3      | Reached skill level 1 in Earth Magic
  2307 | D:3      | Reached skill level 1 in Poison Magic
  2312 | D:3      | Learned a level 3 spell: Spectral Weapon
  2322 | D:3      | Found a shimmering altar of Xom.
  2395 | D:3      | Found a transporter.
  2589 | D:3      | Reached XP level 5. HP: 42/43 MP: 12/12
  2598 | D:3      | Noticed Natasha
  2647 | D:3      | Killed Natasha
  3209 | D:3      | Noticed Natasha
  3218 | D:3      | Killed Natasha
  3918 | D:3      | Noticed Natasha
  3937 | D:3      | Killed Natasha
  3937 | D:3      | Reached XP level 6. HP: 31/50 MP: 4/13
  4044 | D:3      | Lost mutation: Your mind is acute. (Int +2) [potion of
                  | mutation]
  4044 | D:3      | Lost mutation: Your flesh is cold resistant. (rC+) [potion
                  | of mutation]
  4044 | D:3      | Gained mutation: You expend magic power (3 MP) to
                  | strengthen your wands. [potion of mutation]
  4044 | D:3      | Gained mutation: You are somewhat resistant to further
                  | mutation. [potion of mutation]
  4044 | D:3      | Gained mutation: Your muscles are strong. (Str +2) [potion
                  | of mutation]
  4286 | D:4      | Reached skill level 5 in Fighting
  4286 | D:4      | Reached skill level 5 in Axes
  4286 | D:4      | Reached skill level 5 in Dodging
  5032 | D:4      | Reached XP level 7. HP: 24/56 MP: 8/15
  5582 | D:4      | Found a shadowy altar of Dithmenos.
  5776 | D:5      | Entered Level 5 of the Dungeon
  5830 | D:5      | Found a glowing silver altar of Zin.
  6119 | D:5      | Reached XP level 8. HP: 31/63 MP: 16/16
  6523 | D:5      | You fall through a shaft for 2 floors!
  7201 | D:7      | HP: 2/64 [killer bee (6)]
  7201 | D:7      | Slain by a killer bee

Skill      XL: |  1  2  3  4  5  6  7  8 |
---------------+-------------------------+-----
Spellcasting   | 5 6 |  6.0
Invocations    | 1 2 3 |  3.5
Short Blades   | 1 2 3 |  3.2
Long Blades    | 1 2 3 |  3.2
Maces & Flails | 1 2 3 |  3.2
Polearms       | 1 2 3 |  3.2
Staves         | 1 2 3 |  3.2
Slings         | 1 2 3 |  3.2
Bows           | 1 2 3 |  3.2
Crossbows      | 1 2 3 |  3.2
Throwing       | 1 2 3 |  3.2
Stealth        | 1 2 3 |  3.2
Shields        | 1 2 3 |  3.2
Unarmed Combat | 1 2 3 |  3.2
Evocations     | 1 2 3 |  3.2
Conjurations   | 1 2 |  2.6
Hexes          | 1 2 |  2.6
Summonings     | 1 2 |  2.6
Necromancy     | 1 2 |  2.6
Translocations | 1 2 |  2.6
Transmutations | 1 2 |  2.6
Fire Magic     | 1 2 |  2.6
Ice Magic      | 1 2 |  2.6
Air Magic      | 1 2 |  2.6
Earth Magic    | 1 2 |  2.6
Poison Magic   | 1 2 |  2.6
Armour         | 3 4 |  4.2
Fighting       | 5 |  5.6
Axes           | 5 |  5.6
Dodging        | 5 |  5.6
Charms         | 6 |  6.1

Action                   |  1- 3 |  4- 6 |  7- 9 || total
-------------------------+-------+-------+-------++-------
Melee: Hand axe          |   140 |   237 |   234 ||   611
       Bite              |    14 |    25 |    21 ||    60
       Punch             |       |     2 |     4 ||     6
 Cast: Infusion          |       |     4 |     3 ||     7
       Song of Slaying   |       |       |     1 ||     1
  Use: Scroll            |     3 |     6 |       ||     9
       Potion            |     4 |     3 |     2 ||     9
 Stab: Sleeping          |     3 |     2 |       ||     5
  Eat: Chunk             |     1 |     5 |     1 ||     7
       Ration            |       |     2 |     2 ||     4
Armor: Leather armour    |    38 |    40 |       ||    78
       Scale mail        |       |    19 |   112 ||   131
Dodge: Dodged            |   106 |   210 |   223 ||   539
